 Dungeon Crawl Stone Soup version 0.28.0 (webtiles) character file.

Game seed: 15582577027721052064

49 Ablot the Grasshopper (level 3, -8/31 HPs)
             Began as a Gnoll Warper on Feb 17, 2022.
             Was an Initiate of Okawaru.
             Mangled by Crazy Yiuf (15 damage)
             ... on level 2 of the Dungeon.
             The game lasted 00:02:58 (2752 turns).

Ablot the Grasshopper (Gnoll Warper)                Turns: 2752, Time: 00:02:58

Health: -8/31      AC:  3    Str: 12    XL:     3   Next: 77%
Magic:  0/9        EV: 12    Int: 12    God:    Okawaru [......]
Gold:   34         SH:  0    Dex: 11    Spells: 10/12 levels left

rFire   . . .      SeeInvis .   k - +0 dagger (freeze)
rCold   . . .      Faith    .   (no shield)
rNeg    . . .      Spirit   +   b - +0 leather armour
rPois   .          Reflect  .   (no helmet)
rElec   .          Harm     .   (no cloak)
rCorr   .          Rampage  .   (no gloves)
Will    .....                   (no boots)
Stlth   +.........              e - amulet of guardian spirit
HPRegen 0.10/turn               (no ring)
MPRegen 0.11/turn               (no ring)

@: no status effects
A: fangs 1, strong nose, distributed training
a: Renounce Religion


You were on level 2 of the Dungeon.
You worshipped Okawaru.
Okawaru was noncommittal.
You visited 1 branch of the dungeon, and saw 2 of its levels.

You collected 34 gold pieces.

Inventory:

Hand Weapons
 a - a +0 spear
 k - a +0 dagger of freezing (weapon)
Missiles
 d - 5 boomerangs of dispersal (quivered)
 g - 33 arrows
 l - 15 bolts
 m - 25 stones
Armour
 b - a +0 leather armour (worn)
Jewellery
 e - an amulet of guardian spirit (around neck)
Scrolls
 c - a scroll of blinking
 i - a scroll of identify {unknown}
 o - a scroll of magic mapping {unknown}
Potions
 f - a potion of attraction {unknown}
 h - a potion of lignification {unknown}
 j - 2 potions of heal wounds {unknown}
 n - a potion of magic {unknown}


   Skills:
 + Level 4.5 Fighting
 + Level 0.9 Short Blades
 + Level 0.9 Long Blades
 + Level 0.9 Axes
 + Level 0.9 Maces & Flails
 + Level 4.5 Polearms
 + Level 0.9 Staves
 + Level 0.9 Slings
 + Level 0.9 Bows
 + Level 0.9 Crossbows
 + Level 2.6 Throwing
 + Level 2.6 Armour
 + Level 4.5 Dodging
 + Level 0.9 Stealth
 + Level 0.9 Shields
 + Level 0.9 Unarmed Combat
 + Level 5.0 Spellcasting
 + Level 0.6 Conjurations
 + Level 0.6 Hexes
 + Level 0.6 Summonings
 + Level 0.6 Necromancy
 + Level 5.4 Translocations
 + Level 0.6 Transmutations
 + Level 0.6 Fire Magic
 + Level 0.6 Ice Magic
 + Level 0.6 Air Magic
 + Level 0.6 Earth Magic
 + Level 0.6 Poison Magic
 + Level 1.0 Invocations
 + Level 0.9 Evocations


You had 10 spell levels left.
You knew the following spells:

 Your Spells              Type           Power      Damage    Failure   Level
a - Blink                 Tloc           32%        N/A       4%          2

Your spell library contained the following spells:

 Spells                   Type           Power      Damage    Failure   Level
 Gell's Gravitas          Tloc           16%        N/A       9%          3
 Lesser Beckoning         Tloc           16%        N/A       9%          3
 Teleport Other           Tloc           16%        N/A       9%          3
 Ozocubu's Armour         Ice            4%         N/A       52%         3
 Manifold Assault         Tloc           16%        N/A       58%         5
 Ozocubu's Refrigeration  Ice            2%         4d5       100%        7


Dungeon Overview and Level Annotations

Branches:
Dungeon (2/15)

Altars:
Okawaru

Shops:
D:1 *

Annotations:
D:2 Crazy Yiuf


Innate Abilities, Weirdness & Mutations

You have very sharp teeth.
Your uncanny sense of smell can sniff out nearby items.
Your experience applies equally to all skills.


Message History

Okawaru welcomes you!
Found a mace.
Found a runed translucent door.
Crazy Yiuf shouts!
Crazy Yiuf says, "Paint!
Shadow spinner head."
Press: ? - help, v - describe, . - travel
Here: Crazy Yiuf, wielding a +4 quarterstaff of chaos and wearing a +0 cloak (fire blocked by a runed translucent door)
The floor.
Okay, then.
You open the door. You completely miss Crazy Yiuf.
Crazy Yiuf hits you with a +4 quarterstaff of chaos.
You feel your power leaking away.
You barely miss Crazy Yiuf. Your bite misses Crazy Yiuf.
Crazy Yiuf says, "Leather!"
Crazy Yiuf hits you with a +4 quarterstaff of chaos!
You hit Crazy Yiuf. You freeze Crazy Yiuf.
Crazy Yiuf is moderately wounded.
Crazy Yiuf laughs, "Peeping!
Cod poople bush."
Crazy Yiuf closely misses you.
You barely miss Crazy Yiuf. You bite Crazy Yiuf, but do no damage.
Crazy Yiuf is moderately wounded.
Crazy Yiuf says, "Action sanguine sing-song!"
Crazy Yiuf hits you with a +4 quarterstaff of chaos.
Crazy Yiuf burns you.
You hit Crazy Yiuf but do no damage. Your bite misses Crazy Yiuf.
Crazy Yiuf is moderately wounded.
Crazy Yiuf hits you with a +4 quarterstaff of chaos!
* * * LOW HITPOINT WARNING * * *
Crazy Yiuf burns you.
* * * LOW HITPOINT WARNING * * *
Unknown command.
You can't go up here!
Crazy Yiuf closely misses you.
Casting: Blink (safe; 4% risk of failure)
Confirm with . or Enter, or press ? or * to list all spells.
You don't have enough magic to cast this spell.
You hit Crazy Yiuf. You freeze Crazy Yiuf.
Crazy Yiuf is heavily wounded.
Crazy Yiuf hits you with a +4 quarterstaff of chaos!
You die...

#...## #.#
#.# #...#
##'## ###
### #.#.#
#.# #.#.#
#.# #####
####.#.#
##.#########
#)..#
#......#
#...##.....#
#...#
####.###
.....#.#####
... ##.##
#...##.# #g#
##.#.##
.......#
#@##
##.###.####
##.#####
##.# #.##
##...## ##.#
#.##
##)###.##...
...# ##.#
##.#.######
##.# ##.##
##.## #.#
##...# ###
#.# #....#
#### #.#
#....# #...
##.# ##..##
#.##


You could see Crazy Yiuf.

Vanquished Creatures
  An adder (D:2)
  2 dart slugs (D:2)
  3 bats
  2 endoplasms (D:1)
  A giant cockroach (D:2)
  3 goblins (D:1)
  4 hobgoblins
  4 quokkas
  2 frilled lizards (D:2)
  7 kobolds
  6 rats
35 creatures vanquished.

Notes
Turn   | Place    | Note
-------+----------+-------------------------------------------
     0 | D:1      | Ablot the Gnoll Warper began the quest for the Orb.
     0 | D:1      | Reached XP level 1. HP: 20/20 MP: 6/6
   119 | D:1      | Found Gurcher's Assorted Antiques.
   294 | D:1      | Reached XP level 2. HP: 26/26 MP: 7/7
   297 | D:1      | Learned a level 2 spell: Blink
  1009 | D:1      | Found a faded altar of an unknown god.
  1448 | D:2      | Reached XP level 3. HP: 30/31 MP: 9/9
  1467 | D:2      | Reached skill level 5 in Spellcasting
  1958 | D:2      | Reached skill level 1 in Invocations
  2712 | D:2      | Found an iron altar of Okawaru.
  2717 | D:2      | Became a worshipper of Warmaster Okawaru
  2741 | D:2      | Found a runed translucent door.
  2742 | D:2      | Noticed Crazy Yiuf
  2752 | D:2      | Mangled by Crazy Yiuf

Illustrated notes

Levels and vault maps discovered:
D:1:      lemuel_arrival_river_ford, layout_loops_corners,
          dilly_ecumenical_altar_fadedgnrine, serial_shops,
          nicolae_shop_behind_doors
D:2:      layout_loops_corners, basic_altar, uniq_crazy_yiuf_cottage

Skill      XL: |  1  2  3 |
---------------+----------+-----
Spellcasting   | 5 |  5.0
Invocations    | 1 |  1.0
Fighting       | |  4.5
Short Blades   | |  0.9
Long Blades    | |  0.9
Axes           | |  0.9
Maces & Flails | |  0.9
Polearms       | |  4.5
Staves         | |  0.9
Slings         | |  0.9
Bows           | |  0.9
Crossbows      | |  0.9
Throwing       | |  2.6
Armour         | |  2.6
Dodging        | |  4.5
Stealth        | |  0.9
Shields        | |  0.9
Unarmed Combat | |  0.9
Conjurations   | |  0.6
Hexes          | |  0.6
Summonings     | |  0.6
Necromancy     | |  0.6
Translocations | |  5.4
Transmutations | |  0.6
Fire Magic     | |  0.6
Ice Magic      | |  0.6
Air Magic      | |  0.6
Earth Magic    | |  0.6
Poison Magic   | |  0.6
Evocations     | |  0.9

Action                   || total
-------------------------++-------
Melee: Spear             ||    41
       Bite              ||    15
       Dagger            ||   111
       Punch             ||     1
 Stab: Distracted        ||     1
       Sleeping          ||     1
Armor: Leather armour    ||    35
Dodge: Dodged            ||    80
